 Dungeon Crawl Stone Soup version 0.29-a0-892-g2c4c91d9db (webtiles) character file.

Game seed: 10870668924367617348

26 Infernotoast the Sneak (level 3, -6/24 HPs)
             Began as an Octopode Brigand on July 22, 2022.
             Killed from afar by Natasha (11 damage)
             ... with a magic dart
             ... on level 2 of the Dungeon.
             The game lasted 00:08:03 (1105 turns).

Infernotoast the Sneak (Octopode Brigand)           Turns: 1105, Time: 00:08:03

Health: -6/24      AC:  1    Str: 10    XL:     3   Next: 8%
Magic:  3/3        EV: 13    Int: 13    God:
Gold:   61         SH:  0    Dex: 15    Spells: 2/2 levels left

rFire   x . .      SeeInvis .   f - +0 dagger (freeze)
rCold   + . .      Faith    .   (no shield)
rNeg    . . .      Spirit   .   (helmet restricted)
rPois   .          Reflect  .   (no amulet)
rElec   .          Harm     .   i - ring of ice
rCorr   .          Rampage  .   (no ring)
Will    .....                   (no ring)
Stlth   ++++......              (no ring)
HPRegen 0.08/turn               (no ring)
MPRegen 0.08/turn               (no ring)
                                (no ring)
                                (no ring)

@: slowed, very slow
A: almost no armour, amphibious, 8 rings, camouflage 1, gelatinous body 1,
(nimble swimmer 1), tentacles
a: no special abilities


You were on level 2 of the Dungeon.
You visited 1 branch of the dungeon, and saw 2 of its levels.

You collected 61 gold pieces.

Inventory:

Hand Weapons
 a - a +2 dagger
 f - a +0 dagger of freezing (weapon)
Missiles
 b - 7 poisoned darts (quivered)
 c - 3 curare-tipped darts
 d - 32 stones
Jewellery
 i - a ring of ice (left tentacle)
Scrolls
 g - a scroll of immolation {unknown}
Potions
 e - a potion of curing {unknown}
 h - a potion of ambrosia {unknown}


   Skills:
 + Level 2.1 Fighting
 * Level 2.1 Short Blades
 * Level 2.2 Throwing
 + Level 1.1 Dodging
 + Level 6.3 Stealth


You had 2 spell levels left.
You didn't know any spells.
Your spell library was empty.

Dungeon Overview and Level Annotations

Branches:
Dungeon (2/15)

Altars:

Shops:
D:1 :

Annotations:
D:2 Natasha


Innate Abilities, Weirdness & Mutations

You cannot wear most types of armour.
You are amphibious.
You can wear up to eight rings at the same time.
Your skin changes colour to match your surroundings (Stealth+).
Your rubbery body absorbs attacks. (AC +1, EV +1)
((You are camouflaged when in or above water. (Stealth+)))
You have tentacles for arms and can constrict up to eight enemies at once.


Message History

Found 14 gold pieces.
You now have 47 gold pieces (gained 10).
You now have 61 gold pieces (gained 14).
Found an encrusted emerald ring.
i - a ring of ice You feel more attuned to ice.
i - a ring of ice (left tentacle)
A quokka comes into view.
Found 8 stones.
You hit the quokka. You freeze the quokka. Your grab misses the quokka.
The quokka is heavily wounded.
The quokka barely misses you.
You hit the quokka. You freeze the quokka.
You kill the quokka!
You see here a quokka corpse.
d - 32 stones (gained 8) Natasha, Servant of Life and Death comes into view.
She is carrying a wand of roots (13).
Natasha zaps a wand.
The roots erupt in riotous growth!
The grasping roots grab you! The grasping roots constrict you.
You hear an angry hiss.
You escape the roots grasp.
Natasha zaps a wand.
The roots erupt in riotous growth!
The grasping roots grab you! The grasping roots constrict you!
The roots grasp on you weakens, but your attempt to escape fails.
The grasping roots constrict you.
You escape the roots grasp.
Natasha stares at you and mumbles some strange words.
You feel yourself slow down.
Throw: 8 darts (poison)
Press: ? - help, Q - select action, (/) - cycle Shift-Dir - straight line, f - Natasha
Aim: Natasha, carrying a wand of roots (11) (53% to hit)
You throw a poisoned dart. The poisoned dart hits Natasha.
Natasha is poisoned.
Natasha stares at you and mumbles some strange words.
The magic dart hits you.
* * * LOW HITPOINT WARNING * * *
Natasha casts a spell at you. The magic dart hits you!
You die...

#########
#.......#
#.#####.# #.#
#.#############
#.#
#..............
#.#
#.#############
#.#####†#
#.......# ####
####@#### ....
#.# .### #.# #
#.# # #h# # #(#
... #.#.. #.
.h.


You could see Natasha (poisoned).

Vanquished Creatures
  3 ball pythons (D:1)
  3 endoplasms
  2 goblins
  4 hobgoblins (D:1)
  2 kobolds (D:1)
  3 quokkas
  2 bats
  A frilled lizard (D:1)
  A rat (D:1)
21 creatures vanquished.

Vanquished Creatures (others)
  3 fungi (D:1)
  5 plants (D:1)
8 creatures vanquished.

Grand Total: 29 creatures vanquished

Notes
Turn   | Place    | Note
-------+----------+-------------------------------------------
     0 | D:1      | Infernotoast the Octopode Brigand began the quest for the
                  | Orb.
     0 | D:1      | Reached XP level 1. HP: 14/14 MP: 1/1
   263 | D:1      | Reached XP level 2. HP: 11/19 MP: 2/2
   266 | D:1      | Reached skill level 6 in Stealth
   284 | D:1      | Found a faded altar of an unknown god.
   678 | D:1      | Found Ropruq's Vocational Training.
   999 | D:2      | Reached XP level 3. HP: 24/24 MP: 3/3
  1098 | D:2      | Noticed Natasha
  1105 | D:2      | Killed from afar by Natasha

Illustrated notes

Levels and vault maps discovered:
D:1:      lemuel_arrival_rhombus, layout_loops_ring,
          dreamdust_ecumenical_altar_grove, eino_curves_01,
          nicolae_shop_vocational
D:2:      layout_loops_ring, minmay_rat_gold_closets, uniq_natasha

Skill      XL: |  1  2 |
---------------+-------+-----
Stealth        | 6 |  6.3
Fighting       | |  2.1
Short Blades   | |  2.1
Throwing       | |  2.2
Dodging        | |  1.1

Action                   || total
-------------------------++-------
Melee: Dagger            ||    47
       Constrict         ||    12
       Tentacles         ||     6
Throw: Dart              ||    14
  Use: Scroll            ||     2
 Stab: Sleeping          ||     4
Armor: Skin              ||     5
Dodge: Dodged            ||    28

Table legend: (Time is in decaauts)
 A = Elapsed time spent in this place.
 B = Non-inter-level travel time spent in this place.
 C = Inter-level travel time spent in this place.
 D = Time resting spent in this place.
 E = Time spent auto-exploring this place.
 F = Levels seen in this place.
 G = Mean time per level.
                   A        B        C        D        E       F      G
               +--------+--------+--------+--------+--------+-----+--------+
         Total |   1099 |   1099 |      0 |    346 |     37 |   2 |  549.5 |
       Dungeon |   1099 |   1099 |      0 |    346 |     37 |   2 |  549.5 |
               +--------+--------+--------+--------+--------+-----+--------+

Top non-repeatable levels by time:
     D:1: 948 daAuts
     D:2: 150 daAuts
